AoeStats
← Waldemar

Black Forest

509170564Analyzed
3v3 RM · 7d ago on Sep 25, 2026· 44m 16s· 6 players
Game mode
Random Map
Map size
Normal (6 player)
Population
200
Speed
Normal
Resources
Standard
Victory
Conquest
Starting age
Dark Age
Ending age
Imperial Age
RankedLock teamsTeams togetherTeam positionsShared explorationLock speedFull tech treeHidden civsTurbo modeCheats
Victory
Defeat
🇩🇪 Burgundians · Germany
781
+15
🇩🇪 Spanish · Germany
744
+17
🇩🇪 Franks · Germany
620
+21
🇨🇭 Danes · Switzerland
761
-18
🇨🇭 Varangians · Switzerland
752
-18
🇦🇹 Persians · Austria
744
-17
Waldemar
11:47 Loom
15:20 Feudal Age
17:10 Wheelbarrow
16:25 Double-Bit Axe
20:06 Bloodlines
24:17 Castle Age
24:10 Bloodlines
24:11 Scale Barding Armor
24:07 Scale Mail Armor
25:19 Hand Cart
38:00 Imperial Age
36:31 Husbandry
39:36 Chain Barding Armor
40:20 Cavalier
41:41 Plate Barding Armor
41:22 Chain Mail Armor
42:50 Chemistry
42:13 Ballistics
ben.ex
0:26 Loom
7:01 Loom
9:13 Wheelbarrow
15:13 Feudal Age
15:49 Double-Bit Axe
15:48 Horse Collar
16:01 Gold Mining
16:05 Stone Mining
17:10 Heavy Plow
17:34 Bow Saw
19:57 Hand Cart
21:04 Gold Shaft Mining
21:05 Stone Shaft Mining
25:20 Castle Age
24:58 Forging
31:52 Two-Man Saw
32:42 Crop Rotation
35:03 Imperial Age
33:47 Scale Barding Armor
33:33 Fletching
33:43 Padded Archer Armor
33:44 Scale Mail Armor
34:31 Iron Casting
36:42 Burgundian Vineyards
37:34 Chain Mail Armor
37:51 Chain Barding Armor
40:06 Cavalier
KIller.Fit.Dikka76
14:41 Feudal Age
15:23 Town Watch
17:29 Man-at-Arms
25:06 Gold Mining
25:06 Double-Bit Axe
28:11 Padded Archer Armor
28:03 Fletching
30:23 Castle Age
30:28 Long Swordsman
30:55 Gambesons
31:13 Squires
30:37 Crossbowman
32:05 Stone Mining
38:24 Leather Archer Armor
38:12 Scale Mail Armor
30 sheeps
12:07 Feudal Age
13:04 Loom
15:57 Castle Age
13:45 Double-Bit Axe
14:45 Horse Collar
18:43 Wheelbarrow
23:30 Bow Saw
23:23 Heavy Plow
24:55 Hand Cart
24:26 Town Watch
24:53 Fervor
24:46 Gold Mining
24:46 Stone Mining
25:57 Town Patrol
30:34 Imperial Age
31:15 Block Printing
31:35 Theocracy
30:56 Herbal Medicine
32:26 Two-Man Saw
31:58 Crop Rotation
31:53 Guilds
31:44 Caravan
34:34 Gold Shaft Mining
33:49 Stone Mining
33:36 Onager
36:35 Stone Shaft Mining
37:21 Masonry
38:12 Chemistry
37:19 Scale Barding Armor
37:25 Forging
37:05 Fletching
38:52 Architecture
40:10 Chain Barding Armor
39:45 Bodkin Arrow
39:51 Scale Mail Armor
42:35 Bloodlines
41:45 Cavalier
42:25 Husbandry
wat!
1:11 Loom
13:39 Feudal Age
17:27 Castle Age
16:23 Double-Bit Axe
16:38 Horse Collar
18:09 Fletching
18:27 Scale Barding Armor
19:53 Bow Saw
24:40 Wheelbarrow
28:02 Hand Cart
27:33 Town Watch
33:37 Imperial Age
31:09 Gold Mining
31:22 Heavy Plow
31:55 Stone Mining
31:51 Vendel Legacy
34:04 Caravan
34:47 Stone Shaft Mining
36:21 Two-Man Saw
36:41 Ballistics
37:21 Chemistry
36:13 Guard Tower
36:18 Fletching
36:49 Chain Barding Armor
36:39 Forging
36:10 Gothikon
37:11 Conscription
36:14 Elite Jarl
37:00 Bodkin Arrow
38:21 Town Patrol
39:27 Plate Barding Armor
39:28 Iron Casting
39:08 Masonry
43:48 Architecture
44:36 Husbandry
44:47 Bloodlines
43:57 Cavalier
44:41 Padded Archer Armor
44:42 Bracer
Profis
1:02 Loom
11:59 Feudal Age
13:28 Double-Bit Axe
16:11 Castle Age
14:37 Horse Collar
24:42 Fervor
24:53 Sanctity
33:36 Imperial Age
32:54 Wheelbarrow
32:05 Town Watch
32:36 Caravan
34:40 Conscription
36:16 Chemistry
35:21 Siege Engineers
34:47 Onager
35:40 Northmen's Fury
36:13 Siege Onager
36:19 Siege Onager
37:56 Hoardings
37:41 Scale Mail Armor
37:52 Forging
37:32 Fletching
40:18 Elite Jomsviking
43:43 Chain Mail Armor
44:04 Iron Casting
43:25 Bodkin Arrow
Connection lost

Rejoining the realm…

Still unreachable

The connection could not be restored.

Session expired

The server has moved on; the page needs a fresh start.